TOP OF THE 1ST |
---|
St. Louis Browns batting - Pitching for Springfield Stars : LHP Marcos Flores | Pitching: LHP Marcos Flores | | Batting: RHB José Flores | 0-0: Ball 1-0: Ball 2-0: SINGLE (Groundball, 6MD) | Batting: RHB Carlos Alfaro | 0-0: Ball 1-0: Called Strike 1-1: Ball 2-1: Foul Ball, location: 2F 2-2: Fly out, F7 (Flyball, 7D) | Batting: RHB Adrian Prouse | 0-0: Swinging Strike 0-1: Ground out U3 (Groundball, 34S) José Flores to second | Batting: LHB Mike Hill | 0-0: Foul Ball, location: 2F 0-1: Ball 1-1: Ball 2-1: Ball 3-1: Ground out 4-3 (Groundball, 4) | Top of the 1st over - 0 runs, 1 hit, 0 errors, 1 left on base; St. Louis 0 - Springfield 0 | BOTTOM OF THE 1ST |
---|
Springfield Stars batting - Pitching for St. Louis Browns : LHP Luis Noriega | Pitching: LHP Luis Noriega | | Batting: RHB Norberto Taváres | 0-0: Called Strike 0-1: Ball 1-1: Ball 2-1: Ball 3-1: Base on Balls | Batting: RHB Calvin Bennett | 0-0: Ball 1-0: SINGLE (Groundball, 4MD) Norberto Taváres to second Runner from 2nd tries for 3rd, SAFE, no throw | Batting: LHB Derek Davidson | 0-0: Called Strike 0-1: Ball 1-1: Ball 2-1: Ball 3-1: Base on Balls Calvin Bennett to second | Batting: LHB Felipe Guerrero | 0-0: Swinging Strike 0-1: Swinging Strike 0-2: Ball 1-2: Fielders Choice at 2nd, 6-4 (Groundball, 6M) Norberto Taváres scores Calvin Bennett to third | Batting: LHB Elliott Newell | 0-0: Ball 1-0: Called Strike 1-1: SINGLE (Line Drive, 89S) Calvin Bennett scores Felipe Guerrero to second | Batting: SHB António De La Cruz | 0-0: Ball 1-0: Foul Ball, location: 2F 1-1: Foul Ball, location: 2F 1-2: Ball 2-2: Fly out, F7 (Flyball, 7) | Batting: LHB Jesús Tobías | 0-0: Foul Ball, location: 2F 0-1: SINGLE (Line Drive, 9LM) Felipe Guerrero to third Elliott Newell to second Runner from 3rd tries for Home, SAFE, no throw | Batting: LHB Mike Pearson | 0-0: Foul Ball, location: 2F 0-1: Ball 1-1: Foul Ball, location: 2F 1-2: Fielders Choice at 2nd, 6-4 (Groundball, 6) | Bottom of the 1st over - 3 runs, 3 hits, 0 errors, 2 left on base; St. Louis 0 - Springfield 3 | TOP OF THE 2ND |
---|
St. Louis Browns batting - Pitching for Springfield Stars : LHP Marcos Flores | Batting: RHB António Venecia | 0-0: Hit by Pitch | Batting: RHB Anthony Rucker | 0-0: Called Strike 0-1: SINGLE (Groundball, 34S) (infield hit) António Venecia to second | Batting: LHB Robin Hill | 0-0: Ball 1-0: Foul Ball, location: 2F 1-1: Called Strike 1-2: Fielders Choice at 2nd, 4-6 (Groundball, 34) António Venecia to third | Batting: RHB Danny Walker | 0-0: Ball Robin Hill steals 2nd base 1-0: Ball 2-0: Fly out, F3 (Popup, 3SF) | Batting: LHB Junior Coates | 0-0: Called Strike 0-1: Foul Ball, location: 2F 0-2: Ground out 6-3 (Groundball, 56) | Top of the 2nd over - 0 runs, 1 hit, 0 errors, 2 left on base; St. Louis 0 - Springfield 3 | BOTTOM OF THE 2ND |
---|
Springfield Stars batting - Pitching for St. Louis Browns : LHP Luis Noriega | Batting: RHB Juan Carlos Rodríguez | 0-0: Called Strike 0-1: Ball 1-1: Ball 2-1: Foul Ball, location: 2F 2-2: Ball 3-2: Base on Balls | Batting: RHB Norberto Taváres | 0-0: Ball 1-0: Foul Ball, location: 2F 1-1: Called Strike 1-2: Ball 2-2: Ball 3-2: Grounds into double play, 4-6-3 (Groundball, 4) | Batting: RHB Calvin Bennett | 0-0: Ball 1-0: Swinging Strike 1-1: Ball 2-1: SINGLE (Groundball, 56) (infield hit) | Pinch Runner at 1st Richard Bankhead: | | Batting: LHB Derek Davidson | 0-0: Called Strike 0-1: Ball 1-1: Ball 2-1: Called Strike 2-2: Strikes out swinging | Bottom of the 2nd over - 0 runs, 1 hit, 0 errors, 1 left on base; St. Louis 0 - Springfield 3 | TOP OF THE 3RD |
---|
St. Louis Browns batting - Pitching for Springfield Stars : LHP Marcos Flores | Now in CF: Richard Bankhead | | Batting: RHB José Flores | 0-0: Called Strike 0-1: Ball 1-1: Ball 2-1: Swinging Strike 2-2: Ball 3-2: Base on Balls | Batting: RHB Carlos Alfaro | 0-0: Called Strike 0-1: Ball 1-1: Ball 2-1: Foul Ball, location: 2F 2-2: Foul Ball, location: 2F 2-2: Foul Ball, location: 2F 2-2: Ball 3-2: Fielders Choice at 2nd, 3-6 (Groundball, 3) | Batting: RHB Adrian Prouse | 0-0: Called Strike 0-1: Fly out, F7 (Flyball, 78M) | Batting: LHB Mike Hill | 0-0: Ball 1-0: Ball 2-0: Foul Ball, location: 2F 2-1: SINGLE (Groundball, 4D) Carlos Alfaro to second Runner from 2nd tries for 3rd, SAFE, no throw | Batting: RHB António Venecia | 0-0: Ball 1-0: Called Strike 1-1: Swinging Strike 1-2: Ground out 4-3 (Groundball, 34) | Top of the 3rd over - 0 runs, 1 hit, 0 errors, 2 left on base; St. Louis 0 - Springfield 3 | BOTTOM OF THE 3RD |
---|
Springfield Stars batting - Pitching for St. Louis Browns : LHP Luis Noriega | Batting: LHB Felipe Guerrero | 0-0: Ball 1-0: Ball 2-0: Ball 3-0: Swinging Strike 3-1: Foul Ball, location: 2F 3-2: Ground out 6-3 (Groundball, 56) | Batting: LHB Elliott Newell | 0-0: Swinging Strike 0-1: Fly out, F3 (Line Drive, 4) | Batting: SHB António De La Cruz | 0-0: Ball 1-0: Ground out 4-3 (Groundball, 4) | Bottom of the 3rd over - 0 runs, 0 hits, 0 errors, 0 left on base; St. Louis 0 - Springfield 3 | TOP OF THE 4TH |
---|
St. Louis Browns batting - Pitching for Springfield Stars : LHP Marcos Flores | Batting: RHB Anthony Rucker | 0-0: Ground out 6-3 (Groundball, 6S) | Batting: LHB Robin Hill | 0-0: Ball 1-0: Fly out, F6 (Popup, P) | Batting: RHB Danny Walker | 0-0: Called Strike 0-1: Ball 1-1: Foul Ball, location: 2F 1-2: Ball 2-2: Ball 3-2: SINGLE (Flyball, 9S) | Batting: LHB Junior Coates | 0-0: Called Strike 0-1: Ball 1-1: Foul Ball, location: 2F 1-2: Foul Ball, location: 2F 1-2: Ball 2-2: Foul Ball, location: 2F 2-2: Ball 3-2: Ground out 6-3 (Groundball, 6) | Top of the 4th over - 0 runs, 1 hit, 0 errors, 1 left on base; St. Louis 0 - Springfield 3 | BOTTOM OF THE 4TH |
---|
Springfield Stars batting - Pitching for St. Louis Browns : LHP Luis Noriega | Batting: LHB Jesús Tobías | 0-0: Foul Ball, location: 2F 0-1: Fly out, F9 (Line Drive, 9) | Batting: LHB Mike Pearson | 0-0: Foul Ball, location: 2F 0-1: Foul Ball, location: 2F 0-2: Strikes out swinging | Batting: RHB Juan Carlos Rodríguez | 0-0: Foul Ball, location: 2F 0-1: Swinging Strike 0-2: Strikes out looking | Bottom of the 4th over - 0 runs, 0 hits, 0 errors, 0 left on base; St. Louis 0 - Springfield 3 | TOP OF THE 5TH |
---|
St. Louis Browns batting - Pitching for Springfield Stars : LHP Marcos Flores | Batting: RHB José Flores | 0-0: DOUBLE (Groundball, 5L) | Batting: RHB Carlos Alfaro | 0-0: Ball 1-0: Ball 2-0: Ball 3-0: Foul Ball, location: 2F 3-1: Swinging Strike 3-2: SINGLE (Line Drive, 4M) José Flores to third Runner from 3rd tries for Home, SAFE, no throw | Batting: RHB Adrian Prouse | 0-0: Foul Ball, location: 2F 0-1: Called Strike 0-2: Ball 1-2: Ball 2-2: Foul Ball, location: 2F 2-2: Fly out, F3 (Line Drive, 34) Lined into DP, U3 (Line Drive, 34) | Batting: LHB Mike Hill | 0-0: Swinging Strike 0-1: Foul Ball, location: 2F 0-2: Ball 1-2: DOUBLE (Groundball, 3L) | Batting: RHB António Venecia | 0-0: Foul Ball, location: 2F 0-1: Swinging Strike 0-2: Strikes out swinging | Top of the 5th over - 1 run, 3 hits, 0 errors, 1 left on base; St. Louis 1 - Springfield 3 | BOTTOM OF THE 5TH |
---|
Springfield Stars batting - Pitching for St. Louis Browns : LHP Luis Noriega | Batting: RHB Norberto Taváres | 0-0: Swinging Strike 0-1: Ball 1-1: Foul Ball, location: 2F 1-2: Ball 2-2: Foul Ball, location: 2F 2-2: Ball 3-2: Ground out 6-3 (Groundball, 6) | Batting: RHB Richard Bankhead | 0-0: Fly out, F9 (Flyball, 9LMF) | Batting: LHB Derek Davidson | 0-0: Called Strike 0-1: Ball 1-1: Foul Ball, location: 2F 1-2: Foul Ball, location: 2F 1-2: Ball 2-2: Foul Ball, location: 2F 2-2: Ball 3-2: Foul Ball, location: 2F 3-2: Ground out 4-3 (Groundball, 34D) | Bottom of the 5th over - 0 runs, 0 hits, 0 errors, 0 left on base; St. Louis 1 - Springfield 3 | TOP OF THE 6TH |
---|
St. Louis Browns batting - Pitching for Springfield Stars : LHP Marcos Flores | Pitching: RHP Luis Cortéz | | Batting: RHB Anthony Rucker | 0-0: Called Strike 0-1: Ball 1-1: Foul Ball, location: 2F 1-2: Foul Ball, location: 2F 1-2: Ground out 4-3 (Groundball, 4M) | Batting: LHB Robin Hill | 0-0: Ball 1-0: Called Strike 1-1: Ball 2-1: Ball 3-1: Foul Ball, location: 2F 3-2: Foul Ball, location: 2F 3-2: Base on Balls | Batting: RHB Danny Walker | 0-0: Ball Throwing error on steal attempt, E2 Robin Hill to third 1-0: Ball 2-0: SINGLE (Groundball, 34D) Robin Hill scores | Batting: LHB Junior Coates | 0-0: Called Strike 0-1: Grounds into double play, 6-4-3 (Groundball, 56) | Top of the 6th over - 1 run, 1 hit, 1 error, 0 left on base; St. Louis 2 - Springfield 3 | BOTTOM OF THE 6TH |
---|
Springfield Stars batting - Pitching for St. Louis Browns : LHP Luis Noriega | Pitching: RHP António Ramos | | Batting: LHB Felipe Guerrero | 0-0: Called Strike 0-1: Ball 1-1: Called Strike 1-2: Foul Ball, location: 2F 1-2: Ball 2-2: Foul Ball, location: 2F 2-2: Foul Ball, location: 2F 2-2: SINGLE (Groundball, 56D) | Batting: LHB Elliott Newell | 0-0: Ball 1-0: SINGLE (Flyball, 89S) Felipe Guerrero to second Runner from 2nd tries for 3rd, SAFE, no throw | Batting: SHB António De La Cruz | 0-0: Foul Ball, location: 2F 0-1: Ball 1-1: Ball 2-1: Fly out, F8 (Flyball, 8RS) | Batting: LHB Jesús Tobías | 0-0: Foul Ball, location: 2F 0-1: Foul Ball, location: 2F 0-2: Foul Ball, location: 2F 0-2: Foul Ball, location: 2F 0-2: Foul Ball, location: 2F 0-2: Ball 1-2: Foul Ball, location: 2F 1-2: DOUBLE (Line Drive, 9LS) Felipe Guerrero scores Elliott Newell to third | Batting: LHB Mike Pearson | 0-0: Swinging Strike 0-1: Foul Ball, location: 2F 0-2: Ball 1-2: 3-RUN HOME RUN (Flyball, 7D), Distance : 386 ft | Pitching: RHP Máximo Marín | | Batting: RHB Juan Carlos Rodríguez | 0-0: Called Strike 0-1: Foul Ball, location: 2F 0-2: Ball 1-2: Foul Ball, location: 2F 1-2: Strikes out swinging, 2-3 out at first. | Batting: RHB Norberto Taváres | 0-0: Swinging Strike 0-1: Ball 1-1: Ball 2-1: Swinging Strike 2-2: Foul Ball, location: 2F 2-2: Strikes out swinging | Bottom of the 6th over - 4 runs, 4 hits, 0 errors, 0 left on base; St. Louis 2 - Springfield 7 | TOP OF THE 7TH |
---|
St. Louis Browns batting - Pitching for Springfield Stars : RHP Luis Cortéz | Batting: RHB José Flores | 0-0: Foul Ball, location: 2F 0-1: Ball 1-1: Ball 2-1: Foul Ball, location: 2F 2-2: Ball 3-2: Base on Balls | Batting: RHB Carlos Alfaro | 0-0: Ball 1-0: Ball 2-0: Ball 3-0: Called Strike 3-1: Fly out, F7 (Line Drive, 7) | Pitching: LHP John Livingston | | Batting: RHB Adrian Prouse | 0-0: Ball 1-0: Fielders Choice at 2nd, 5-4 (Groundball, 5D) | Batting: LHB Mike Hill | 0-0: Called Strike Adrian Prouse steals 2nd base 0-1: Swinging Strike 0-2: Ball 1-2: Hit by Pitch | Batting: RHB António Venecia | 0-0: Ball 1-0: Called Strike 1-1: Ball 2-1: Foul Ball, location: 2F 2-2: Ball 3-2: Base on Balls Adrian Prouse to third Mike Hill to second | Batting: RHB Anthony Rucker | 0-0: Ball 1-0: Called Strike 1-1: Ball 2-1: Swinging Strike 2-2: Strikes out swinging | Top of the 7th over - 0 runs, 0 hits, 0 errors, 3 left on base; St. Louis 2 - Springfield 7 | BOTTOM OF THE 7TH |
---|
Springfield Stars batting - Pitching for St. Louis Browns : RHP Máximo Marín | Pitching: RHP Martín Ortíz | | Batting: RHB Richard Bankhead | 0-0: Ground out 5-3 (Groundball, 56) | Batting: LHB Derek Davidson | 0-0: Ball 1-0: Ball 2-0: Called Strike 2-1: SINGLE (Groundball, 6D) | Batting: LHB Felipe Guerrero | 0-0: Called Strike 0-1: Ball 1-1: Ball 2-1: Foul Ball, location: 2F 2-2: Ball 3-2: Base on Balls Derek Davidson to second | Batting: LHB Elliott Newell | 0-0: Ground out 5-3 (Groundball, 56S) Derek Davidson to third Felipe Guerrero to second | Batting: SHB António De La Cruz | 0-0: Ball 1-0: Foul Ball, location: 2F 1-1: Foul Ball, location: 2F 1-2: Ball 2-2: Fly out, F6 (Line Drive, 6) | Bottom of the 7th over - 0 runs, 1 hit, 0 errors, 2 left on base; St. Louis 2 - Springfield 7 | TOP OF THE 8TH |
---|
St. Louis Browns batting - Pitching for Springfield Stars : LHP John Livingston | Batting: LHB Robin Hill | 0-0: Ball 1-0: Reached on error, E6 (Popup, 6D) | Batting: RHB Danny Walker | 0-0: Fly out, F8 (Line Drive, 78D) | Batting: LHB Junior Coates | 0-0: Ground out 4-3 (Groundball, 4S) Robin Hill to second | Batting: RHB José Flores | 0-0: Ball 1-0: Ball 2-0: Called Strike 2-1: Fly out, F5 (Line Drive, 56) | Top of the 8th over - 0 runs, 0 hits, 1 error, 1 left on base; St. Louis 2 - Springfield 7 | BOTTOM OF THE 8TH |
---|
Springfield Stars batting - Pitching for St. Louis Browns : RHP Martín Ortíz | Batting: LHB Jesús Tobías | 0-0: Ball 1-0: Foul Ball, location: 2F 1-1: Ball 2-1: Ground out U3 (Groundball, 3) | Batting: LHB Mike Pearson | 0-0: Ball 1-0: Called Strike 1-1: Swinging Strike 1-2: Ball 2-2: Strikes out looking | Batting: RHB Juan Carlos Rodríguez | 0-0: Ground out 1-3 (Groundball, P) | Bottom of the 8th over - 0 runs, 0 hits, 0 errors, 0 left on base; St. Louis 2 - Springfield 7 | TOP OF THE 9TH |
---|
St. Louis Browns batting - Pitching for Springfield Stars : LHP John Livingston | Now at 2B: Dave Henderson | | Batting: RHB Carlos Alfaro | 0-0: Ball 1-0: Ball 2-0: Ball 3-0: Called Strike 3-1: Base on Balls | Batting: RHB Adrian Prouse | 0-0: Ball 1-0: Ball 2-0: Ball 3-0: Swinging Strike 3-1: SINGLE (Groundball, 4D) Carlos Alfaro to second | Batting: LHB Mike Hill | 0-0: Called Strike 0-1: Ball 1-1: Ball 2-1: Called Strike 2-2: DOUBLE (Flyball, 8RXD) Carlos Alfaro scores Adrian Prouse to third | Pitching: RHP José Valdéz | | Batting: RHB António Venecia | 0-0: Swinging Strike 0-1: Foul Ball, location: 2F 0-2: Ball 1-2: Ball 2-2: Strikes out looking | Batting: RHB Anthony Rucker | 0-0: Foul Ball, location: 2F 0-1: Ball 1-1: Foul Ball, location: 2F 1-2: Ball 2-2: Strikes out swinging | Batting: LHB Robin Hill | 0-0: Called Strike 0-1: Fly out, F4 (Flyball, 4D) | Top of the 9th over - 1 run, 2 hits, 0 errors, 2 left on base; St. Louis 3 - Springfield 7 | |